Victoriaville Tigres vs Binghampton Senators

Created - 18 mars 2024 at 18:59

Goals
1 2 3 T
Victoriaville Tigres 1 2 2 5
Binghampton Senators 7 2 2 11
Shots
1 2 3 T
Victoriaville Tigres 11 8 18 37
Binghampton Senators 20 8 10 38

GoalsPenalties
1st period
1. Binghampton Senators , Justin Kirkland 37 (Olle Lycksell 62, Brandon Gignac 42) at 13:47
2. Binghampton Senators , Jonah Gadjovich 52 (Alex Petrovic 36) at 14:19
3. Binghampton Senators , Jonah Gadjovich 53 (Tye Kartye 86) at 16:52 (PP)
4. Binghampton Senators , Tye Kartye 86 (Jonah Gadjovich 58, Ben Jones 125) at 16:56
5. Binghampton Senators , Olle Lycksell 81 (Justin Kirkland 46, Alex Petrovic 37) at 17:34
6. Binghampton Senators , Jonah Gadjovich 54 (Tye Kartye 87, Nick Cicek 37) at 17:55
7. Binghampton Senators , Jonah Gadjovich 55 (Ben Jones 126, Tye Kartye 88) at 18:12
8. Victoriaville Tigres , Nick Perbix 2 (Elmer Soderblom 76, Alex Laferriere 19) at 18:41
Nick Cicek (SEN) for Interference (Minor) at 0:21
Roland McKeown (SEN) for Fighting (Major) at 15:10
Greg McKegg (TIG) for Fighting (Major) at 15:10
Jalen Chatfield (TIG) for Holding (Minor) at 16:43
Joseph Cecconi (SEN) for Fighting (Major) at 17:43
Kole Lind (TIG) for Fighting (Major) at 17:43
Jonah Gadjovich (SEN) for Fighting (Major) at 18:13
Isaak Phillips (TIG) for Fighting (Major) at 18:13
Jonah Gadjovich (SEN) for instigated a fight (Minor) at 18:13
Jonah Gadjovich (SEN) for instigated a fight (10 Minutes Misconduct) at 18:13
Nicolas Petan (TIG) for Unsportsmanlike conduct (Minor) at 18:28
2nd period
9. Binghampton Senators , Tye Kartye 87 (Ben Jones 127, Alex Petrovic 38) at 0:13 (PP)
10. Victoriaville Tigres , Elmer Soderblom 61 (Antonio Stranges 33) at 1:25 (PP)
11. Victoriaville Tigres , Jacob Perreault 40 (Antonio Stranges 34, Elmer Soderblom 77) at 11:50
12. Binghampton Senators , Oskar Back 20 (Danila Klimovich 36) at 18:01
Tye Kartye (SEN) for Fighting (Major) at 0:24
Nicolas Petan (TIG) for Fighting (Major) at 0:24
Danila Klimovich (SEN) for Fighting (Major) at 0:27
Alex Laferriere (TIG) for Fighting (Major) at 0:27
Philip Kemp (SEN) for Fighting (Major) at 0:44
Greg McKegg (TIG) for Fighting (Major) at 0:44
Tyler Angle (SEN) for Tripping (Minor) at 1:22
Chase De Leo (TIG) for Cross-checking (Minor) at 14:01
Jonah Gadjovich (SEN) for Fighting (Major) at 18:02
Kole Lind (TIG) for Fighting (Major) at 18:02
Kole Lind (TIG) for instigated a fight (Minor) at 18:02
Kole Lind (TIG) for instigated and being the aggresor in a fight (20 Minutes Game Misconduct) at 18:02
3rd period
13. Binghampton Senators , Jonah Gadjovich 56 (Xavier Bourgault 29) at 3:48 (PP)
14. Victoriaville Tigres , Alex Laferriere 24 (Isaak Phillips 38) at 4:12
15. Binghampton Senators , Tyler Angle 10 (Xavier Bourgault 30, Philip Kemp 24) at 11:23
16. Victoriaville Tigres , Alex Laferriere 25 (Nicolas Petan 69, Isaak Phillips 39) at 12:31 (PP)
Isaak Phillips (TIG) for Hooking (Minor) at 2:01
Jonah Gadjovich (SEN) for Fighting (Major / Game Misconduct) at 4:58
Jacob Perreault (TIG) for Fighting (Major) at 4:58
Tye Kartye (SEN) for Fighting (Major) at 5:07
Isaak Phillips (TIG) for Fighting (Major) at 5:07
Xavier Bourgault (SEN) for Fighting (Major) at 5:30
Navrin Mutter (TIG) for Fighting (Major) at 5:30
Oskar Back (SEN) for Fighting (Major) at 5:44
Alex Laferriere (TIG) for Fighting (Major) at 5:44
David Jiricek (TIG) for Tripping (Minor) at 8:46
Ben Jones (SEN) for Tripping (Minor) at 12:16
Roland McKeown (SEN) for Fighting (Major) at 14:27
Alex Laferriere (TIG) for Fighting (Major / Game Misconduct) at 14:27
Joseph Cecconi (SEN) for Fighting (Major) at 14:40
Isaak Phillips (TIG) for Fighting (Major / Game Misconduct) at 14:40
Goalie Stats
Arvid Holm (TIG), 27 saves from 34 shots - (0,794), 56:43 minutes
Unknown Goalie (TIG), 0 saves from 4 shots - (0,000), L, 0-1-0, 3:17 minutes
Jonas Johansson (SEN), 32 saves from 37 shots - (0,865), W, 15-5-1, 60:00 minutes
3 StarsOfficial
1 - Alex Petrovic (SEN)
2 - Tye Kartye (SEN)
3 - Olle Lycksell (SEN)
Referees : Jon McIsaac and Justin St. Pierre
Linesman : Travis Gawryletz and Brent Colby
Game Note
Greg McKegg beats up Roland McKeown at 15:10 of 1st period
Unknown Goalie enters game at 16:56 of 1st period
Kole Lind beats up Joseph Cecconi at 17:43 of 1st period
Jonah Gadjovich has scored a Hat Trick!
Jonah Gadjovich beats up Isaak Phillips at 18:13 of 1st period
Arvid Holm enters game at 0:13 of 2nd period
Nicolas Petan beats up Tye Kartye at 0:24 of 2nd period
Danila Klimovich beats up Alex Laferriere at 0:27 of 2nd period
Philip Kemp and Greg McKegg fight to a draw at 0:44 of 2nd period
Kole Lind beats up Jonah Gadjovich at 18:02 of 2nd period
Kole Lind (TIG) for instigated and being the aggresor in a fight (20 Minutes Game Misconduct) at 18:02
Kole Lind ejected from game at 18:02 of 2nd period
Kole Lind from Victoriaville Tigres is suspended for 2 game(s)
Jonah Gadjovich beats up Jacob Perreault at 4:58 of 3rd period
Jonah Gadjovich (SEN) for Fighting (Major / Game Misconduct) at 4:58
Jonah Gadjovich ejected from game at 4:58 of 3rd period
Isaak Phillips beats up Tye Kartye at 5:07 of 3rd period
Xavier Bourgault and Navrin Mutter fight to a draw at 5:30 of 3rd period
Alex Laferriere beats up Oskar Back at 5:44 of 3rd period
Roland McKeown and Alex Laferriere fight to a draw at 14:27 of 3rd period
Alex Laferriere (TIG) for Fighting (Major / Game Misconduct) at 14:27
Alex Laferriere ejected from game at 14:27 of 3rd period
Joseph Cecconi beats up Isaak Phillips at 14:40 of 3rd period
Isaak Phillips (TIG) for Fighting (Major / Game Misconduct) at 14:40
Isaak Phillips ejected from game at 14:40 of 3rd period
Finance
Level 1 -- Attendance: 1508 (75,40%) -- Ticket Income $52,780
Level 2 -- Attendance: 1000 (100,00%) -- Ticket Income $15,000
Total Attendance: 2508 (83,60%)
Total Ticket Income: $67,780
Other Income: $33,212
Total Income: $100,992



Team Name Goals Shots Shots Attemp Shots Blocked PIM HIT PP PK FO%
Victoriaville Tigres 537816117232 / 4 (50%)352%
Binghampton Senators 1138581693183 / 6 (50%)248%

Victoriaville Tigres
Player Name POS G A P +/- PIM HIT SHT SB MP PP MP PP SHT PK MP PK SHT FO% FOT GA TA
Alex LaferriereRW213-22513017:171:3111:46033% 300
Antonio StrangesC/LW0221012018:500:4102:23063% 810
Chase De LeoC000-2223015:111:0100:32058% 1210
Conor TimminsD000-2001120:270:5902:2400% 001
David JiricekD000-2202119:440:5902:2300% 000
Elmer SoderblomC/LW123-3037025:511:4213:36038% 1311
Greg McKeggC/LW00011021011:530:0001:1300% 000
Isaak PhillipsD022-32700018:531:1502:2500% 001
Jacob PerreaultC/RW101150209:190:0300:050100% 100
Jalen ChatfieldD000-2214229:581:3304:0110% 000
Jayce HawrylukC/RW000-101118:390:0000:0000% 200
Josh DoanC/LW/RW000-102108:320:0000:0000% 000
Kole LindRW000-33231110:520:5800:00050% 200
Navrin MutterLW000-153008:470:0000:3100% 000
Nick PerbixD1010002019:550:1802:0000% 003
Nicolas PetanC/LW/RW011-4716023:051:3903:42056% 4300
Ryker EvansD000-2020013:400:0000:1000% 000
Simon EdvinssonD000-1011010:570:0000:1300% 000
Binghampton Senators
Player Name POS G A P +/- PIM HIT SHT SB MP PP MP PP SHT PK MP PK SHT FO% FOT GA TA
Alex PetrovicD0334032231:083:3901:4700% 000
Anttoni HonkaD0001000213:330:0600:3700% 000
Beck MalenstynC/LW/RW000000009:580:0000:0000% 000
Ben JonesC0332206325:233:4211:28046% 5020
Brandon GignacC/LW0112034017:322:3000:00045% 1100
Danila KlimovichC/RW0110511014:401:1000:00033% 300
Hendrix LapierreC000102006:550:0900:00033% 300
Jonah GadjovichLW/RW5163371609:201:3320:49067% 300
Joseph CecconiD00001010215:322:5800:4500% 000
Justin KirklandC/LW/RW1122003016:312:3000:0000% 200
Nick CicekD0114224330:243:3900:3300% 010
Olle LycksellRW1122004219:222:4610:49050% 200
Oskar BackC/RW1010501013:180:1300:1800% 110
Philip KempD0111500012:160:1500:0000% 000
Roland McKeownD00001020017:242:5001:2200% 002
Tye KartyeLW23531015223:053:4211:40075% 811
Tyler AngleC/LW101120106:540:0900:0000% 000
Xavier BourgaultC0220521012:161:4410:000100% 110

Victoriaville Tigres

5 vs 5 Forward
Line #Left WingCenterRight WingPHYDFOFWanted %Time %Time Play
1Elmer SoderblomNicolas PetanKole Lind1224038%18:51
2Ryker EvansChase De LeoAlex Laferriere1223028%13:34
3Greg McKeggAntonio StrangesJacob Perreault1222016%8:04
4Navrin MutterJayce HawrylukJosh Doan1221017%8:32
5 vs 5 Defense
Line #DefenseDefensePHYDFOFWanted %Time %Time Play
1Isaak PhillipsJalen Chatfield1224043%20:51
2David JiricekConor Timmins1223033%16:23
3Nick PerbixSimon Edvinsson1222019%9:11
4Jalen ChatfieldIsaak Phillips122105%2:36
Power Play Forward
Line #Left WingCenterRight WingPHYDFOFWanted %Time %Time Play
1Nicolas PetanElmer SoderblomKole Lind1226060%1:31
2Elmer SoderblomChase De LeoAlex Laferriere1224040%1:01
Power Play Defense
Line #DefenseDefensePHYDFOFWanted %Time %Time Play
1Isaak PhillipsJalen Chatfield1226061%1:33
2David JiricekConor Timmins1224039%0:59
Penalty Kill 4 Players Forward
Line #CenterWingPHYDFOFWanted %Time %Time Play
1Elmer SoderblomNicolas Petan1226092%6:11
2Chase De LeoElmer Soderblom122408%0:32
Penalty Kill 4 Players Defense
Line #DefenseDefensePHYDFOFWanted %Time %Time Play
1Isaak PhillipsJalen Chatfield1226064%4:19
2David JiricekConor Timmins1224036%2:24
Penalty Kill 3 Players
Line #WingPHYDFOFWanted %Time %Time PlayDefenseDefensePHYDFOFWanted %Time %Time Play
1Elmer Soderblom122600%0:00 Isaak PhillipsJalen Chatfield122600%0:00
2Chase De Leo122400%0:00 David JiricekConor Timmins122400%0:00
4 vs 4 Forward
Line #CenterWingPHYDFOFWanted %Time %Time Play
1Elmer SoderblomNicolas Petan12260100%1:44
2Chase De LeoElmer Soderblom122400%0:00
4 vs 4 Defense
Line #DefensePHYDFOFWanted %Time %Time Play
1Isaak PhillipsJalen Chatfield1226061%60% - 1:03
2David JiricekConor Timmins1224039%40% - 0:41
Last Minutes Offensive
Left WingCenterRight WingDefenseDefense
Nicolas PetanElmer SoderblomKole LindDavid JiricekJalen Chatfield
Last Minutes Defensive
Left WingCenterRight WingDefenseDefense
Nicolas PetanElmer SoderblomKole LindIsaak PhillipsJalen Chatfield
Time
Total ForwardTotal DefenseLast Minutes OffensiveLast Minutes Defensive
60:00 60:00 0:000:00
Extra Forwards
Normal PowerPlayPenalty Kill
Alex Laferriere, Antonio Stranges, Greg McKeggAlex Laferriere, Kole LindAlex Laferriere
Extra Defensemen
Normal PowerPlayPenalty Kill
Nick Perbix, Simon Edvinsson, Isaak PhillipsNick Perbix, Nick PerbixSimon Edvinsson
Penalty Shots
Nicolas Petan, Elmer Soderblom, Kole Lind, Chase De Leo, Alex Laferriere
Goalie
Arvid Holm, Unknown Goalie
Scratches
Brett Seney (Healthy), Aidan Dudas (Healthy), Ryan McGregor (Healthy), Keaton Middleton (Healthy), Brogan Rafferty (Healthy) Ole Julian Bjorgvik Holm (Healthy), John Quennneville (Healthy), Samuel Ersson (Healthy), Victor Brattstrom (Healthy)

Binghampton Senators

5 vs 5 Forward
Line #Left WingCenterRight WingPHYDFOFWanted %Time %Time Play
1Tye KartyeBen JonesJonah Gadjovich1224039%19:18
2Justin KirklandBrandon GignacOlle Lycksell1223028%13:33
3Beck MalenstynDanila KlimovichOskar Back1222019%9:24
4Tyler AngleHendrix LapierreTye Kartye1221014%6:55
5 vs 5 Defense
Line #DefenseDefensePHYDFOFWanted %Time %Time Play
1Nick CicekAlex Petrovic1224042%20:26
2Roland McKeownJoseph Cecconi1223034%16:37
3Philip KempAnttoni Honka1222019%9:24
4Nick CicekAlex Petrovic122105%2:34
Power Play Forward
Line #Left WingCenterRight WingPHYDFOFWanted %Time %Time Play
1Tye KartyeBen JonesJonah Gadjovich1226062%4:04
2Justin KirklandBrandon GignacOlle Lycksell1224038%2:30
Power Play Defense
Line #DefenseDefensePHYDFOFWanted %Time %Time Play
1Nick CicekAlex Petrovic1226054%3:39
2Roland McKeownJoseph Cecconi1224046%3:04
Penalty Kill 4 Players Forward
Line #CenterWingPHYDFOFWanted %Time %Time Play
1Tye KartyeBen Jones1226068%1:43
2Jonah GadjovichOlle Lycksell1224032%0:49
Penalty Kill 4 Players Defense
Line #DefenseDefensePHYDFOFWanted %Time %Time Play
1Nick CicekAlex Petrovic1226070%1:47
2Roland McKeownJoseph Cecconi1224030%0:45
Penalty Kill 3 Players
Line #WingPHYDFOFWanted %Time %Time PlayDefenseDefensePHYDFOFWanted %Time %Time Play
1Tye Kartye122600%0:00 Nick CicekAlex Petrovic122600%0:00
2Ben Jones122400%0:00 Roland McKeownJoseph Cecconi122400%0:00
4 vs 4 Forward
Line #CenterWingPHYDFOFWanted %Time %Time Play
1Tye KartyeBen Jones1226084%1:27
2Jonah GadjovichOlle Lycksell1224016%0:17
4 vs 4 Defense
Line #DefensePHYDFOFWanted %Time %Time Play
1Nick CicekAlex Petrovic1226077%60% - 1:20
2Roland McKeownJoseph Cecconi1224023%40% - 0:24
Last Minutes Offensive
Left WingCenterRight WingDefenseDefense
Tye KartyeBen JonesJonah GadjovichNick CicekAlex Petrovic
Last Minutes Defensive
Left WingCenterRight WingDefenseDefense
Tye KartyeBen JonesJonah GadjovichNick CicekAlex Petrovic
Time
Total ForwardTotal DefenseLast Minutes OffensiveLast Minutes Defensive
60:00 60:00 0:000:00
Extra Forwards
Normal PowerPlayPenalty Kill
Xavier Bourgault, Danila Klimovich, Oskar BackXavier Bourgault, Danila KlimovichOskar Back
Extra Defensemen
Normal PowerPlayPenalty Kill
Philip Kemp, Anttoni Honka, Roland McKeownPhilip Kemp, Anttoni HonkaRoland McKeown
Penalty Shots
Tye Kartye, Ben Jones, Jonah Gadjovich, Olle Lycksell, Brandon Gignac
Goalie
Jonas Johansson, Collin Delia
Scratches
Mitch Eliot (Healthy), Jake Massie (Healthy), Keean Washkurak (Healthy), Kyle Olson (Healthy), Carson Gicewicz (Healthy) Wyatt Bongiovanni (Healthy), Filip Engaras (Healthy), Olle Eriksson Ek (Healthy)


Play-by-Play

1st period


0:01 of 1st period - Nicolas Petan wins face-off versus Ben Jones in neutral zone.
0:01 of 1st period - Nicolas Petan is hit by Nick Cicek.
0:15 of 1st period - Wrist shot by Kole Lind.
0:15 of 1st period - Shot Misses the Net.
0:21 of 1st period - Minor Penalty to Nick Cicek for Interference.
0:22 of 1st period - Tye Kartye wins face-off versus Elmer Soderblom in Binghampton Senators zone.
1:26 of 1st period - Icing by Alex Laferriere.
1:27 of 1st period - Chase De Leo wins face-off versus Tye Kartye in Victoriaville Tigres zone.
1:49 of 1st period - Snap shot by Elmer Soderblom.
1:49 of 1st period - Shot Misses the Net.
2:21 of 1st period - Penalty to Nick Cicek is over, Nick Cicek is back on ice.
2:39 of 1st period - Snap shot by Tye Kartye.
2:39 of 1st period - Stopped by Arvid Holm without a rebound.
2:40 of 1st period - Antonio Stranges wins face-off versus Brandon Gignac in Victoriaville Tigres zone.
2:47 of 1st period - Snap shot by Antonio Stranges.
2:47 of 1st period - Shot Misses the Net.
4:28 of 1st period - Simon Edvinsson is hit by Xavier Bourgault and loses puck.
4:35 of 1st period - Slapshot by Ben Jones.
4:35 of 1st period - Stopped by Arvid Holm without a rebound.
4:36 of 1st period - Nicolas Petan wins face-off versus Brandon Gignac in Victoriaville Tigres zone.
4:43 of 1st period - Wrist shot by Nicolas Petan.
4:43 of 1st period - Stopped by Jonas Johansson with a rebound.
5:02 of 1st period - Chase De Leo is hit by Danila Klimovich and loses puck.
5:11 of 1st period - Snap shot by Chase De Leo.
5:11 of 1st period - Stopped by Jonas Johansson with a rebound.
5:23 of 1st period - Snap shot by Tye Kartye.
5:23 of 1st period - Shot Misses the Net.
5:44 of 1st period - Snap shot by Elmer Soderblom.
5:44 of 1st period - Shot Blocked by Olle Lycksell.
5:46 of 1st period - Snap shot by Elmer Soderblom.
5:46 of 1st period - Shot Misses the Net.
5:48 of 1st period - Slapshot by David Jiricek.
5:48 of 1st period - Shot Misses the Net.
5:50 of 1st period - Snap shot by Nicolas Petan.
5:50 of 1st period - Shot Misses the Net.
5:52 of 1st period - Snap shot by Elmer Soderblom.
5:52 of 1st period - Stopped by Jonas Johansson without a rebound.
5:53 of 1st period - Chase De Leo wins face-off versus Ben Jones in Binghampton Senators zone.
5:56 of 1st period - Wrist shot by Alex Laferriere.
5:56 of 1st period - Shot Blocked by Ben Jones.
5:58 of 1st period - Wrist shot by Alex Laferriere.
5:58 of 1st period - Shot Blocked by Ben Jones.
6:51 of 1st period - Backhand shot by Jacob Perreault.
6:51 of 1st period - Shot Blocked by Joseph Cecconi.
7:01 of 1st period - Slapshot by Josh Doan.
7:01 of 1st period - Shot Misses the Net.
7:55 of 1st period - Olle Lycksell is hit by Elmer Soderblom and loses puck.
8:08 of 1st period - Slapshot by Jacob Perreault.
8:08 of 1st period - Shot Misses the Net.
8:20 of 1st period - Snap shot by Brandon Gignac.
8:20 of 1st period - Stopped by Arvid Holm with a rebound.
8:22 of 1st period - Slapshot by Olle Lycksell.
8:22 of 1st period - Stopped by Arvid Holm with a rebound.
8:24 of 1st period - Wrist shot by Brandon Gignac.
8:24 of 1st period - Stopped by Arvid Holm with a rebound.
8:26 of 1st period - Wrist shot by Brandon Gignac.
8:26 of 1st period - Stopped by Arvid Holm without a rebound.
8:27 of 1st period - Kole Lind wins face-off versus Ben Jones in Victoriaville Tigres zone.
8:36 of 1st period - Slapshot by Nicolas Petan.
8:36 of 1st period - Stopped by Jonas Johansson with a rebound.
8:38 of 1st period - Slapshot by Isaak Phillips.
8:38 of 1st period - Shot Blocked by Tye Kartye.
8:40 of 1st period - Wrist shot by Nicolas Petan.
8:40 of 1st period - Shot Misses the Net.
8:42 of 1st period - Slapshot by Isaak Phillips.
8:42 of 1st period - Shot Blocked by Nick Cicek.
9:01 of 1st period - Slapshot by Beck Malenstyn.
9:01 of 1st period - Deflect By Danila Klimovich.
9:01 of 1st period - Shot Misses the Net.
9:01 of 1st period - Puck is out of play.
9:02 of 1st period - Nicolas Petan wins face-off versus Hendrix Lapierre in Victoriaville Tigres zone.
9:02 of 1st period - Nicolas Petan is hit by Hendrix Lapierre.
9:57 of 1st period - Icing by Conor Timmins.
9:58 of 1st period - Antonio Stranges wins face-off versus Ben Jones in Victoriaville Tigres zone.
9:58 of 1st period - Antonio Stranges is hit by Jonah Gadjovich.
10:34 of 1st period - Snap shot by Nicolas Petan.
10:34 of 1st period - Stopped by Jonas Johansson with a rebound.
10:36 of 1st period - Snap shot by Kole Lind.
10:36 of 1st period - Shot Misses the Net.
10:56 of 1st period - Snap shot by Chase De Leo.
10:56 of 1st period - Stopped by Jonas Johansson without a rebound.
10:57 of 1st period - Ben Jones wins face-off versus Kole Lind in Binghampton Senators zone.
11:37 of 1st period - Nick Perbix is hit by Roland McKeown and loses puck.
12:09 of 1st period - Wrist shot by Antonio Stranges.
12:09 of 1st period - Shot Blocked by Anttoni Honka.
13:01 of 1st period - Icing by Alex Laferriere.
13:02 of 1st period - Chase De Leo wins face-off versus Ben Jones in Victoriaville Tigres zone.
13:02 of 1st period - Chase De Leo is hit by Tye Kartye.
13:12 of 1st period - Snap shot by Chase De Leo.
13:12 of 1st period - Stopped by Jonas Johansson without a rebound.
13:13 of 1st period - Elmer Soderblom wins face-off versus Ben Jones in Binghampton Senators zone.
13:38 of 1st period - Alex Laferriere is hit by Alex Petrovic and loses puck.
13:43 of 1st period - Slapshot by Olle Lycksell.
13:43 of 1st period - Shot Misses the Net.
13:45 of 1st period - Slapshot by Justin Kirkland.
13:45 of 1st period - Stopped by Arvid Holm without a rebound.
13:46 of 1st period - Brandon Gignac wins face-off versus Nicolas Petan in Victoriaville Tigres zone.
13:47 of 1st period - Wrist shot by Olle Lycksell.
13:47 of 1st period - Deflect By Justin Kirkland.
13:47 of 1st period - Goal by Justin Kirkland - Victoriaville Tigres : 0 - Binghampton Senators : 1.
13:48 of 1st period - Ben Jones wins face-off versus Nicolas Petan in neutral zone.
13:51 of 1st period - Wrist shot by Tye Kartye.
13:51 of 1st period - Shot Misses the Net.
13:53 of 1st period - Snap shot by Alex Petrovic.
13:53 of 1st period - Stopped by Arvid Holm without a rebound.
13:54 of 1st period - Ben Jones wins face-off versus Nicolas Petan in Victoriaville Tigres zone.
13:57 of 1st period - Snap shot by Tye Kartye.
13:57 of 1st period - Deflect By Jalen Chatfield.
13:57 of 1st period - Shot Blocked by Kole Lind.
13:57 of 1st period - Puck is out of play.
13:58 of 1st period - Ben Jones wins face-off versus Nicolas Petan in Victoriaville Tigres zone.
14:07 of 1st period - Wrist shot by Tye Kartye.
14:07 of 1st period - Stopped by Arvid Holm with a rebound.
14:09 of 1st period - Snap shot by Jonah Gadjovich.
14:09 of 1st period - Stopped by Arvid Holm without a rebound.
14:10 of 1st period - Nicolas Petan wins face-off versus Ben Jones in Victoriaville Tigres zone.
14:19 of 1st period - Snap shot by Jonah Gadjovich.
14:19 of 1st period - Goal by Jonah Gadjovich - Victoriaville Tigres : 0 - Binghampton Senators : 2.
14:20 of 1st period - Nicolas Petan wins face-off versus Ben Jones in neutral zone.
15:09 of 1st period - Oskar Back is hit by Greg McKegg.
15:10 of 1st period - Greg McKegg beats up Roland McKeown.
15:10 of 1st period - Penalty to Roland McKeown for Fighting.
15:10 of 1st period - Penalty to Greg McKegg for Fighting.
15:11 of 1st period - Nicolas Petan wins face-off versus Ben Jones in Binghampton Senators zone.
15:18 of 1st period - Slapshot by Ben Jones.
15:18 of 1st period - Stopped by Arvid Holm with a rebound.
15:20 of 1st period - Snap shot by Jonah Gadjovich.
15:20 of 1st period - Shot Misses the Net.
15:22 of 1st period - Slapshot by Alex Petrovic.
15:22 of 1st period - Shot Blocked by Jalen Chatfield.
15:24 of 1st period - Slapshot by Alex Petrovic.
15:24 of 1st period - Shot Blocked by Jalen Chatfield.
15:26 of 1st period - Wrist shot by Ben Jones.
15:26 of 1st period - Stopped by Arvid Holm without a rebound.
15:27 of 1st period - Brandon Gignac wins face-off versus Chase De Leo in Victoriaville Tigres zone.
15:28 of 1st period - Slapshot by Justin Kirkland.
15:28 of 1st period - Stopped by Arvid Holm without a rebound.
15:29 of 1st period - Chase De Leo wins face-off versus Justin Kirkland in Victoriaville Tigres zone.
16:33 of 1st period - Wrist shot by Jayce Hawryluk.
16:33 of 1st period - Stopped by Jonas Johansson without a rebound.
16:34 of 1st period - Tye Kartye wins face-off versus Jayce Hawryluk in Binghampton Senators zone.
16:34 of 1st period - Tye Kartye is hit by Josh Doan.
16:43 of 1st period - Minor Penalty to Jalen Chatfield for Holding.
16:44 of 1st period - Jonah Gadjovich wins face-off versus Elmer Soderblom in Victoriaville Tigres zone.
16:52 of 1st period - Wrist shot by Jonah Gadjovich.
16:52 of 1st period - Goal by Jonah Gadjovich - Victoriaville Tigres : 0 - Binghampton Senators : 3.
16:53 of 1st period - Ben Jones wins face-off versus Nicolas Petan in neutral zone.
16:56 of 1st period - Snap shot by Tye Kartye.
16:56 of 1st period - Goal by Tye Kartye - Victoriaville Tigres : 0 - Binghampton Senators : 4.
16:56 of 1st period - Unknown Goalie enters game.
16:57 of 1st period - Ben Jones wins face-off versus Nicolas Petan in neutral zone.
17:27 of 1st period - Chase De Leo is hit by Brandon Gignac and loses puck.
17:34 of 1st period - Wrist shot by Justin Kirkland.
17:34 of 1st period - Deflect By Olle Lycksell.
17:34 of 1st period - Goal by Olle Lycksell - Victoriaville Tigres : 0 - Binghampton Senators : 5.
17:35 of 1st period - Nicolas Petan wins face-off versus Ben Jones in neutral zone.
17:42 of 1st period - Wrist shot by Kole Lind.
17:42 of 1st period - Stopped by Jonas Johansson with a rebound.
17:43 of 1st period - Kole Lind beats up Joseph Cecconi.
17:43 of 1st period - Penalty to Joseph Cecconi for Fighting.
17:43 of 1st period - Penalty to Kole Lind for Fighting.
17:44 of 1st period - Nicolas Petan wins face-off versus Ben Jones in Binghampton Senators zone.
17:47 of 1st period - Slapshot by Elmer Soderblom.
17:47 of 1st period - Shot Misses the Net.
17:55 of 1st period - Snap shot by Jonah Gadjovich.
17:55 of 1st period - Goal by Jonah Gadjovich - Victoriaville Tigres : 0 - Binghampton Senators : 6.
17:56 of 1st period - Ben Jones wins face-off versus Nicolas Petan in neutral zone.
18:06 of 1st period - Off-side.
18:07 of 1st period - Tye Kartye wins face-off versus Nicolas Petan in neutral zone.
18:12 of 1st period - Snap shot by Jonah Gadjovich.
18:12 of 1st period - Goal by Jonah Gadjovich - Victoriaville Tigres : 0 - Binghampton Senators : 7.
18:13 of 1st period - Alex Laferriere wins face-off versus Jonah Gadjovich in neutral zone.
18:13 of 1st period - Jonah Gadjovich beats up Isaak Phillips.
18:13 of 1st period - Penalty to Jonah Gadjovich for Fighting.
18:13 of 1st period - Penalty to Isaak Phillips for Fighting.
18:13 of 1st period - Penalty to Jonah Gadjovich for instigated a fight.
18:13 of 1st period - Penalty to Jonah Gadjovich for instigated a fight.
18:14 of 1st period - Tye Kartye wins face-off versus Elmer Soderblom in neutral zone.
18:28 of 1st period - Minor Penalty to Nicolas Petan for Unsportsmanlike conduct.
18:29 of 1st period - Elmer Soderblom wins face-off versus Ben Jones in Victoriaville Tigres zone.
18:39 of 1st period - Snap shot by Elmer Soderblom.
18:39 of 1st period - Shot Misses the Net.
18:41 of 1st period - Slapshot by Nick Perbix.
18:41 of 1st period - Goal by Nick Perbix - Victoriaville Tigres : 1 - Binghampton Senators : 7.
18:42 of 1st period - Elmer Soderblom wins face-off versus Tye Kartye in neutral zone.
18:45 of 1st period - Snap shot by Jalen Chatfield.
18:45 of 1st period - Stopped by Jonas Johansson with a rebound.
Goals for this period are 1 for Victoriaville Tigres vs 7 for Binghampton Senators.
Shots for this period are 11 for Victoriaville Tigres vs 20 for Binghampton Senators.

2nd period


0:01 of 2nd period - Tye Kartye wins face-off versus Elmer Soderblom in neutral zone.
0:10 of 2nd period - Penalty to Roland McKeown is over, Roland McKeown is back on ice.
0:10 of 2nd period - Penalty to Greg McKegg is over, Greg McKegg is back on ice.
0:13 of 2nd period - Wrist shot by Tye Kartye.
0:13 of 2nd period - Goal by Tye Kartye - Victoriaville Tigres : 1 - Binghampton Senators : 8.
0:13 of 2nd period - Arvid Holm enters game.
0:14 of 2nd period - Ben Jones wins face-off versus Nicolas Petan in neutral zone.
0:17 of 2nd period - Slapshot by Nick Cicek.
0:17 of 2nd period - Stopped by Arvid Holm with a rebound.
0:24 of 2nd period - Nicolas Petan beats up Tye Kartye.
0:24 of 2nd period - Penalty to Tye Kartye for Fighting.
0:24 of 2nd period - Penalty to Nicolas Petan for Fighting.
0:25 of 2nd period - Ben Jones wins face-off versus Chase De Leo in Binghampton Senators zone.
0:27 of 2nd period - Danila Klimovich beats up Alex Laferriere.
0:27 of 2nd period - Penalty to Danila Klimovich for Fighting.
0:27 of 2nd period - Penalty to Alex Laferriere for Fighting.
0:28 of 2nd period - Ben Jones wins face-off versus Antonio Stranges in Binghampton Senators zone.
0:28 of 2nd period - Ben Jones is hit by Greg McKegg.
0:44 of 2nd period - Philip Kemp and Greg McKegg fight to a draw.
0:44 of 2nd period - Penalty to Philip Kemp for Fighting.
0:44 of 2nd period - Penalty to Greg McKegg for Fighting.
0:45 of 2nd period - Chase De Leo wins face-off versus Ben Jones in Victoriaville Tigres zone.
0:45 of 2nd period - Chase De Leo is hit by Alex Petrovic.
0:48 of 2nd period - Icing by Jalen Chatfield.
0:49 of 2nd period - Ben Jones wins face-off versus Chase De Leo in Victoriaville Tigres zone.
1:04 of 2nd period - Snap shot by Ben Jones.
1:04 of 2nd period - Stopped by Arvid Holm with a rebound.
1:06 of 2nd period - Slapshot by Nick Cicek.
1:06 of 2nd period - Stopped by Arvid Holm with a rebound.
1:19 of 2nd period - Off-side.
1:20 of 2nd period - Hendrix Lapierre wins face-off versus Antonio Stranges in neutral zone.
1:22 of 2nd period - Minor Penalty to Tyler Angle for Tripping.
1:23 of 2nd period - Elmer Soderblom wins face-off versus Oskar Back in Binghampton Senators zone.
1:23 of 2nd period - Wrist shot by Antonio Stranges.
1:23 of 2nd period - Shot Misses the Net.
1:25 of 2nd period - Backhand shot by Elmer Soderblom.
1:25 of 2nd period - Goal by Elmer Soderblom - Victoriaville Tigres : 2 - Binghampton Senators : 8.
1:26 of 2nd period - Antonio Stranges wins face-off versus Brandon Gignac in neutral zone.
1:33 of 2nd period - Wrist shot by Antonio Stranges.
1:33 of 2nd period - Shot Misses the Net.
1:35 of 2nd period - Snap shot by Nick Perbix.
1:35 of 2nd period - Stopped by Jonas Johansson with a rebound.
1:37 of 2nd period - Snap shot by Antonio Stranges.
1:37 of 2nd period - Stopped by Jonas Johansson with a rebound.
1:39 of 2nd period - Snap shot by Antonio Stranges.
1:39 of 2nd period - Stopped by Jonas Johansson without a rebound.
1:40 of 2nd period - Ben Jones wins face-off versus Chase De Leo in Binghampton Senators zone.
2:03 of 2nd period - Icing by Conor Timmins.
2:04 of 2nd period - Jacob Perreault wins face-off versus Brandon Gignac in Victoriaville Tigres zone.
2:06 of 2nd period - Icing by Antonio Stranges.
2:07 of 2nd period - Brandon Gignac wins face-off versus Antonio Stranges in Victoriaville Tigres zone.
2:12 of 2nd period - Wrist shot by Olle Lycksell.
2:12 of 2nd period - Stopped by Arvid Holm without a rebound.
2:13 of 2nd period - Antonio Stranges wins face-off versus Ben Jones in Victoriaville Tigres zone.
2:45 of 2nd period - Justin Kirkland is hit by Chase De Leo and loses puck.
2:56 of 2nd period - Slapshot by David Jiricek.
2:56 of 2nd period - Stopped by Jonas Johansson with a rebound.
2:58 of 2nd period - Slapshot by Navrin Mutter.
2:58 of 2nd period - Shot Blocked by Nick Cicek.
3:04 of 2nd period - Wrist shot by Josh Doan.
3:04 of 2nd period - Shot Misses the Net.
3:06 of 2nd period - Snap shot by Josh Doan.
3:06 of 2nd period - Shot Blocked by Olle Lycksell.
3:30 of 2nd period - Xavier Bourgault is hit by Kole Lind and loses puck.
4:58 of 2nd period - Joseph Cecconi is hit by Jayce Hawryluk and loses puck.
5:33 of 2nd period - Navrin Mutter is hit by Alex Petrovic and loses puck.
6:18 of 2nd period - Justin Kirkland is hit by Ryker Evans and loses puck.
6:35 of 2nd period - Xavier Bourgault is hit by Nicolas Petan.
7:23 of 2nd period - Anttoni Honka is hit by Josh Doan.
7:45 of 2nd period - Alex Petrovic is hit by Elmer Soderblom and loses puck.
8:08 of 2nd period - Slapshot by Conor Timmins.
8:08 of 2nd period - Shot Blocked by Alex Petrovic.
8:18 of 2nd period - Nick Cicek is hit by Kole Lind and loses puck.
8:34 of 2nd period - Justin Kirkland is hit by Antonio Stranges and loses puck.
8:45 of 2nd period - Olle Lycksell is hit by Navrin Mutter and loses puck.
9:00 of 2nd period - Joseph Cecconi is hit by Alex Laferriere and loses puck.
9:15 of 2nd period - Philip Kemp is hit by Kole Lind and loses puck.
10:08 of 2nd period - Snap shot by Greg McKegg.
10:08 of 2nd period - Stopped by Jonas Johansson with a rebound.
10:54 of 2nd period - Slapshot by Jayce Hawryluk.
10:54 of 2nd period - Shot Misses the Net.
11:28 of 2nd period - Isaak Phillips is hit by Joseph Cecconi and loses puck.
11:40 of 2nd period - Icing by Kole Lind.
11:41 of 2nd period - Nicolas Petan wins face-off versus Danila Klimovich in Victoriaville Tigres zone.
11:48 of 2nd period - Slapshot by Jacob Perreault.
11:48 of 2nd period - Shot Misses the Net.
11:50 of 2nd period - Snap shot by Jacob Perreault.
11:50 of 2nd period - Goal by Jacob Perreault - Victoriaville Tigres : 3 - Binghampton Senators : 8.
11:51 of 2nd period - Ben Jones wins face-off versus Nicolas Petan in neutral zone.
11:56 of 2nd period - Elmer Soderblom is hit by Xavier Bourgault and loses puck.
12:05 of 2nd period - Snap shot by Ben Jones.
12:05 of 2nd period - Shot Misses the Net.
12:31 of 2nd period - Justin Kirkland is hit by Ryker Evans and loses puck.
13:04 of 2nd period - Josh Doan is hit by Roland McKeown and loses puck.
13:13 of 2nd period - 10 Minutes Misconduct Penalty to Jonah Gadjovich is over.
14:01 of 2nd period - Minor Penalty to Chase De Leo for Cross-checking.
14:02 of 2nd period - Jonah Gadjovich wins face-off versus Elmer Soderblom in Victoriaville Tigres zone.
14:07 of 2nd period - Wrist shot by Tye Kartye.
14:07 of 2nd period - Shot Misses the Net.
14:37 of 2nd period - Slapshot by Olle Lycksell.
14:37 of 2nd period - Stopped by Arvid Holm with a rebound.
16:01 of 2nd period - Penalty to Chase De Leo is over, Chase De Leo is back on ice.
16:32 of 2nd period - Philip Kemp is hit by Simon Edvinsson and loses puck.
17:22 of 2nd period - Icing by Nicolas Petan.
17:23 of 2nd period - Nicolas Petan wins face-off versus Danila Klimovich in Victoriaville Tigres zone.
17:59 of 2nd period - Snap shot by Danila Klimovich.
17:59 of 2nd period - Stopped by Arvid Holm with a rebound.
18:01 of 2nd period - Snap shot by Oskar Back.
18:01 of 2nd period - Goal by Oskar Back - Victoriaville Tigres : 3 - Binghampton Senators : 9.
18:02 of 2nd period - Nicolas Petan wins face-off versus Ben Jones in neutral zone.
18:02 of 2nd period - Kole Lind beats up Jonah Gadjovich.
18:02 of 2nd period - Penalty to Jonah Gadjovich for Fighting.
18:02 of 2nd period - Penalty to Kole Lind for Fighting.
18:02 of 2nd period - Penalty to Kole Lind for instigated a fight.
18:02 of 2nd period - Penalty to Kole Lind for instigated and being the aggresor in a fight.
18:02 of 2nd period - Kole Lind is ejected from game.
18:03 of 2nd period - Elmer Soderblom wins face-off versus Ben Jones in neutral zone.
18:08 of 2nd period - Backhand shot by Jalen Chatfield.
18:08 of 2nd period - Stopped by Jonas Johansson with a rebound.
19:35 of 2nd period - Nicolas Petan is hit by Nick Cicek and loses puck.
Goals for this period are 2 for Victoriaville Tigres vs 2 for Binghampton Senators.
Shots for this period are 8 for Victoriaville Tigres vs 8 for Binghampton Senators.

3rd period


0:01 of 3rd period - Ben Jones wins face-off versus Elmer Soderblom in neutral zone.
0:02 of 3rd period - Penalty to Kole Lind is over, Alex Laferriere is send on ice.
0:06 of 3rd period - Slapshot by Alex Petrovic.
0:06 of 3rd period - Shot Misses the Net.
0:23 of 3rd period - Icing by Xavier Bourgault.
0:24 of 3rd period - Antonio Stranges wins face-off versus Ben Jones in Binghampton Senators zone.
0:25 of 3rd period - Snap shot by Jacob Perreault.
0:25 of 3rd period - Shot Blocked by Tye Kartye.
0:27 of 3rd period - Slapshot by Conor Timmins.
0:27 of 3rd period - Stopped by Jonas Johansson with a rebound.
1:32 of 3rd period - Justin Kirkland is hit by Navrin Mutter and loses puck.
2:01 of 3rd period - Minor Penalty to Isaak Phillips for Hooking.
2:02 of 3rd period - Ben Jones wins face-off versus Elmer Soderblom in Victoriaville Tigres zone.
2:41 of 3rd period - David Jiricek is hit by Brandon Gignac and loses puck.
3:02 of 3rd period - Penalty to Kole Lind is over, Jacob Perreault is send on ice.
3:46 of 3rd period - Slapshot by Xavier Bourgault.
3:46 of 3rd period - Stopped by Arvid Holm with a rebound.
3:48 of 3rd period - Wrist shot by Jonah Gadjovich.
3:48 of 3rd period - Goal by Jonah Gadjovich - Victoriaville Tigres : 3 - Binghampton Senators : 10.
3:49 of 3rd period - Danila Klimovich wins face-off versus Nicolas Petan in neutral zone.
3:56 of 3rd period - Slapshot by Nicolas Petan.
3:56 of 3rd period - Stopped by Jonas Johansson with a rebound.
3:58 of 3rd period - Wrist shot by Nicolas Petan.
3:58 of 3rd period - Shot Misses the Net.
4:00 of 3rd period - Slapshot by David Jiricek.
4:00 of 3rd period - Stopped by Jonas Johansson without a rebound.
4:01 of 3rd period - Ben Jones wins face-off versus Nicolas Petan in Binghampton Senators zone.
4:12 of 3rd period - Slapshot by Alex Laferriere.
4:12 of 3rd period - Goal by Alex Laferriere - Victoriaville Tigres : 4 - Binghampton Senators : 10.
4:13 of 3rd period - Nicolas Petan wins face-off versus Ben Jones in neutral zone.
4:35 of 3rd period - Icing by Jalen Chatfield.
4:36 of 3rd period - Brandon Gignac wins face-off versus Nicolas Petan in Victoriaville Tigres zone.
4:58 of 3rd period - Jonah Gadjovich beats up Jacob Perreault.
4:58 of 3rd period - Penalty to Jonah Gadjovich for Fighting.
4:58 of 3rd period - Jonah Gadjovich is ejected from game.
4:58 of 3rd period - Penalty to Jacob Perreault for Fighting.
4:59 of 3rd period - Ben Jones wins face-off versus Alex Laferriere in neutral zone.
5:07 of 3rd period - Isaak Phillips beats up Tye Kartye.
5:07 of 3rd period - Penalty to Tye Kartye for Fighting.
5:07 of 3rd period - Penalty to Isaak Phillips for Fighting.
5:08 of 3rd period - Xavier Bourgault wins face-off versus Nicolas Petan in neutral zone.
5:19 of 3rd period - Snap shot by Alex Laferriere.
5:19 of 3rd period - Shot Misses the Net.
5:21 of 3rd period - Slapshot by Jalen Chatfield.
5:21 of 3rd period - Shot Misses the Net.
5:23 of 3rd period - Slapshot by Elmer Soderblom.
5:23 of 3rd period - Shot Misses the Net.
5:30 of 3rd period - Xavier Bourgault and Navrin Mutter fight to a draw.
5:30 of 3rd period - Penalty to Xavier Bourgault for Fighting.
5:30 of 3rd period - Penalty to Navrin Mutter for Fighting.
5:31 of 3rd period - Nicolas Petan wins face-off versus Ben Jones in neutral zone.
5:34 of 3rd period - Ben Jones is hit by Elmer Soderblom and loses puck.
5:39 of 3rd period - Wrist shot by Alex Laferriere.
5:39 of 3rd period - Stopped by Jonas Johansson with a rebound.
5:41 of 3rd period - Snap shot by Elmer Soderblom.
5:41 of 3rd period - Stopped by Jonas Johansson without a rebound.
5:42 of 3rd period - Ben Jones wins face-off versus Nicolas Petan in Binghampton Senators zone.
5:44 of 3rd period - Alex Laferriere beats up Oskar Back.
5:44 of 3rd period - Penalty to Oskar Back for Fighting.
5:44 of 3rd period - Penalty to Alex Laferriere for Fighting.
5:45 of 3rd period - Nicolas Petan wins face-off versus Ben Jones in Binghampton Senators zone.
5:46 of 3rd period - Wrist shot by Elmer Soderblom.
5:46 of 3rd period - Shot Blocked by Alex Petrovic.
5:53 of 3rd period - Off-side.
5:54 of 3rd period - Ben Jones wins face-off versus Nicolas Petan in neutral zone.
6:04 of 3rd period - Slapshot by Ben Jones.
6:04 of 3rd period - Stopped by Arvid Holm without a rebound.
6:05 of 3rd period - Nicolas Petan wins face-off versus Ben Jones in Victoriaville Tigres zone.
6:53 of 3rd period - Snap shot by Brandon Gignac.
6:53 of 3rd period - Stopped by Arvid Holm with a rebound.
6:55 of 3rd period - Snap shot by Nick Cicek.
6:55 of 3rd period - Deflect By Conor Timmins.
6:55 of 3rd period - Stopped by Arvid Holm with a rebound.
7:12 of 3rd period - Icing by Conor Timmins.
7:13 of 3rd period - Olle Lycksell wins face-off versus Jayce Hawryluk in Victoriaville Tigres zone.
7:26 of 3rd period - Slapshot by Nicolas Petan.
7:26 of 3rd period - Shot Misses the Net.
7:28 of 3rd period - Wrist shot by David Jiricek.
7:28 of 3rd period - Shot Blocked by Anttoni Honka.
7:30 of 3rd period - Wrist shot by Antonio Stranges.
7:30 of 3rd period - Deflect By Nicolas Petan.
7:30 of 3rd period - Stopped by Jonas Johansson without a rebound.
7:31 of 3rd period - Nicolas Petan wins face-off versus Ben Jones in Binghampton Senators zone.
7:32 of 3rd period - Slapshot by Elmer Soderblom.
7:32 of 3rd period - Stopped by Jonas Johansson without a rebound.
7:33 of 3rd period - Nicolas Petan wins face-off versus Ben Jones in Binghampton Senators zone.
8:46 of 3rd period - Minor Penalty to David Jiricek for Tripping.
8:47 of 3rd period - Chase De Leo wins face-off versus Hendrix Lapierre in Victoriaville Tigres zone.
9:23 of 3rd period - Slapshot by Elmer Soderblom.
9:23 of 3rd period - Deflect By Nicolas Petan.
9:23 of 3rd period - Stopped by Jonas Johansson with a rebound.
9:25 of 3rd period - Wrist shot by Elmer Soderblom.
9:25 of 3rd period - Deflect By Nicolas Petan.
9:25 of 3rd period - Shot Blocked by Nick Cicek.
9:25 of 3rd period - Puck is out of play.
9:26 of 3rd period - Nicolas Petan wins face-off versus Ben Jones in Binghampton Senators zone.
10:30 of 3rd period - Penalty to Navrin Mutter is over, Navrin Mutter is back on ice.
10:33 of 3rd period - Nick Perbix is hit by Brandon Gignac and loses puck.
10:44 of 3rd period - Wrist shot by Ben Jones.
10:44 of 3rd period - Stopped by Arvid Holm with a rebound.
10:46 of 3rd period - Snap shot by Xavier Bourgault.
10:46 of 3rd period - Shot Misses the Net.
10:56 of 3rd period - Snap shot by Jacob Perreault.
10:56 of 3rd period - Stopped by Jonas Johansson with a rebound.
11:10 of 3rd period - Beck Malenstyn is hit by Jalen Chatfield and loses puck.
11:23 of 3rd period - Snap shot by Tyler Angle.
11:23 of 3rd period - Goal by Tyler Angle - Victoriaville Tigres : 4 - Binghampton Senators : 11.
11:24 of 3rd period - Chase De Leo wins face-off versus Olle Lycksell in neutral zone.
11:59 of 3rd period - Snap shot by Ben Jones.
11:59 of 3rd period - Deflect By Tye Kartye.
11:59 of 3rd period - Shot Misses the Net.
11:59 of 3rd period - Puck is out of play.
12:00 of 3rd period - Ben Jones wins face-off versus Alex Laferriere in Victoriaville Tigres zone.
12:16 of 3rd period - Minor Penalty to Ben Jones for Tripping.
12:17 of 3rd period - Tye Kartye wins face-off versus Elmer Soderblom in Binghampton Senators zone.
12:31 of 3rd period - Slapshot by Alex Laferriere.
12:31 of 3rd period - Goal by Alex Laferriere - Victoriaville Tigres : 5 - Binghampton Senators : 11.
12:32 of 3rd period - Nicolas Petan wins face-off versus Brandon Gignac in neutral zone.
12:43 of 3rd period - Snap shot by Nicolas Petan.
12:43 of 3rd period - Shot Misses the Net.
12:45 of 3rd period - Snap shot by Jalen Chatfield.
12:45 of 3rd period - Stopped by Jonas Johansson without a rebound.
12:46 of 3rd period - Ben Jones wins face-off versus Chase De Leo in Binghampton Senators zone.
12:46 of 3rd period - Ben Jones is hit by Chase De Leo.
13:02 of 3rd period - 10 Minutes Misconduct Penalty to Kole Lind is over.
13:14 of 3rd period - Snap shot by Elmer Soderblom.
13:14 of 3rd period - Stopped by Jonas Johansson with a rebound.
13:16 of 3rd period - Snap shot by Jalen Chatfield.
13:16 of 3rd period - Shot Misses the Net.
13:18 of 3rd period - Snap shot by Jalen Chatfield.
13:18 of 3rd period - Deflect By Elmer Soderblom.
13:18 of 3rd period - Stopped by Jonas Johansson with a rebound.
14:18 of 3rd period - Slapshot by Elmer Soderblom.
14:18 of 3rd period - Shot Misses the Net.
14:20 of 3rd period - Backhand shot by Nick Perbix.
14:20 of 3rd period - Deflect By Alex Laferriere.
14:20 of 3rd period - Shot Misses the Net.
14:20 of 3rd period - Puck is out of play.
14:21 of 3rd period - Nicolas Petan wins face-off versus Justin Kirkland in Binghampton Senators zone.
14:27 of 3rd period - Roland McKeown and Alex Laferriere fight to a draw.
14:27 of 3rd period - Penalty to Roland McKeown for Fighting.
14:27 of 3rd period - Penalty to Alex Laferriere for Fighting.
14:27 of 3rd period - Alex Laferriere is ejected from game.
14:28 of 3rd period - Nicolas Petan wins face-off versus Ben Jones in Binghampton Senators zone.
14:31 of 3rd period - Wrist shot by Elmer Soderblom.
14:31 of 3rd period - Shot Blocked by Ben Jones.
14:33 of 3rd period - Slapshot by Jalen Chatfield.
14:33 of 3rd period - Stopped by Jonas Johansson with a rebound.
14:35 of 3rd period - Slapshot by Isaak Phillips.
14:35 of 3rd period - Shot Blocked by Joseph Cecconi.
14:37 of 3rd period - Wrist shot by Elmer Soderblom.
14:37 of 3rd period - Stopped by Jonas Johansson without a rebound.
14:38 of 3rd period - Nicolas Petan wins face-off versus Ben Jones in Binghampton Senators zone.
14:40 of 3rd period - Joseph Cecconi beats up Isaak Phillips.
14:40 of 3rd period - Penalty to Joseph Cecconi for Fighting.
14:40 of 3rd period - Penalty to Isaak Phillips for Fighting.
14:40 of 3rd period - Isaak Phillips is ejected from game.
14:41 of 3rd period - Ben Jones wins face-off versus Nicolas Petan in Binghampton Senators zone.
14:53 of 3rd period - Snap shot by Elmer Soderblom.
14:53 of 3rd period - Shot Misses the Net.
15:36 of 3rd period - Anttoni Honka is hit by Navrin Mutter and loses puck.
15:41 of 3rd period - Wrist shot by Jayce Hawryluk.
15:41 of 3rd period - Deflect By Brandon Gignac.
15:41 of 3rd period - Shot Misses the Net.
15:41 of 3rd period - Puck is out of play.
15:42 of 3rd period - Nicolas Petan wins face-off versus Ben Jones in Binghampton Senators zone.
15:54 of 3rd period - Icing by Alex Petrovic.
15:55 of 3rd period - Ben Jones wins face-off versus Nicolas Petan in Binghampton Senators zone.
15:59 of 3rd period - Off-side.
16:00 of 3rd period - Nicolas Petan wins face-off versus Brandon Gignac in neutral zone.
16:57 of 3rd period - Snap shot by Ben Jones.
16:57 of 3rd period - Shot Blocked by Jayce Hawryluk.
16:59 of 3rd period - Backhand shot by Xavier Bourgault.
16:59 of 3rd period - Shot Misses the Net.
17:01 of 3rd period - Snap shot by Ben Jones.
17:01 of 3rd period - Shot Blocked by David Jiricek.
17:03 of 3rd period - Slapshot by Nick Cicek.
17:03 of 3rd period - Shot Misses the Net.
17:09 of 3rd period - Snap shot by Tye Kartye.
17:09 of 3rd period - Stopped by Arvid Holm with a rebound.
17:11 of 3rd period - Slapshot by Nick Cicek.
17:11 of 3rd period - Shot Blocked by Conor Timmins.
17:13 of 3rd period - Slapshot by Nick Cicek.
17:13 of 3rd period - Stopped by Arvid Holm with a rebound.
17:15 of 3rd period - Snap shot by Xavier Bourgault.
17:15 of 3rd period - Shot Misses the Net.
17:17 of 3rd period - Wrist shot by Alex Petrovic.
17:17 of 3rd period - Stopped by Arvid Holm without a rebound.
17:18 of 3rd period - Brandon Gignac wins face-off versus Nicolas Petan in Victoriaville Tigres zone.
18:22 of 3rd period - Wrist shot by Josh Doan.
18:22 of 3rd period - Stopped by Jonas Johansson with a rebound.
18:24 of 3rd period - Snap shot by Simon Edvinsson.
18:24 of 3rd period - Stopped by Jonas Johansson with a rebound.
18:52 of 3rd period - Wrist shot by Brandon Gignac.
18:52 of 3rd period - Shot Misses the Net.
19:40 of 3rd period - Josh Doan is hit by Hendrix Lapierre and loses puck.
Goals for this period are 2 for Victoriaville Tigres vs 2 for Binghampton Senators.
Shots for this period are 18 for Victoriaville Tigres vs 10 for Binghampton Senators.




Output by the SimonT Hockey Simulator (STHS) for Eric Tremblay - Original Page W3C HTML5 Valid
Hockey Simulator - Hockey Simulation - Hockey Manager